 Dungeon Crawl Stone Soup version 0.19-a0-659-g8260ecf (webtiles) character file.

179 Skanax the Grave Robber (level 5, 0/36 HPs)
             Began as a Mummy Necromancer on June 15, 2016.
             Slain by a gnoll
             ... wielding a +0 spear
              (11 damage)
             ... on level 3 of the Dungeon.
             The game lasted 00:11:38 (2743 turns).

Skanax the Grave Robber (Mummy Necromancer)         Turns: 2743, Time: 00:11:39

Health: 0/36       AC:  4    Str: 12    XL:     5   Next: 32%
Magic:  4/10       EV: 12    Int: 15    God:
Gold:   126        SH:  0    Dex: 12    Spells: 2 memorised, 8 levels left

rFire  x . .     SeeInvis .     c - +0 short sword (venom)
rCold  + . .     Gourm    .     a - +0 robe
rNeg   + + +     Faith    .     (no shield)
rPois  ∞         Spirit   .     d - +2 hat
rElec  .         Dismiss  .     (no cloak)
rCorr  .         Reflect  .     (no gloves)
SustAt .         Harm     .     (no boots)
MR     .....                    (no amulet)
Stlth  ++........               (no ring)
                                (no ring)

@: not resistant to hostile enchantments, unstealthy
A: no food or potions, fire vulnerability, cold resistance 1, negative energy
resistance 3, torment resistance, unbreathing
a: no special abilities


You were on level 3 of the Dungeon.
You were not hungry.

You visited 1 branch of the dungeon, and saw 4 of its levels.

You collected 126 gold pieces.

Inventory:

Hand Weapons
 c - a +0 short sword of venom (weapon)
Missiles
 h - 6 javelins (quivered)
Armour
 a - a +0 robe (worn)
 d - a +2 hat (worn)
 f - a cursed +0 robe
Scrolls
 e - a scroll of remove curse
 g - a scroll of identify
Books
 b - a book of Necromancy

   Spells                             Type                      Level
   a - Pain                           Necromancy                   1
   b - Animate Skeleton               Necromancy                   1
   c - Vampiric Draining              Necromancy                   3
   d - Regeneration                   Charms/Necromancy            3
   e - Animate Dead                   Necromancy                   4
   f - Control Undead                 Necromancy                   4


   Skills:
 + Level 0.6 Fighting
 + Level 0.1 Short Blades
 + Level 1.8 Dodging
 + Level 1.7 Stealth
 + Level 3.3 Spellcasting
 + Level 5.5 Necromancy


You had 8 spell levels left.
You knew the following spells:

 Your Spells              Type           Power        Failure   Level  Hunger
a - Pain                  Necr           ###.         1%          1    N/A
b - Animate Skeleton      Necr           N/A          1%          1    N/A

Dungeon Overview and Level Annotations

Branches:
Dungeon (4/15)
 Temple: D:4-7

Altars:
Dithmenos
Gozag
Nemelex Xobeh


Innate Abilities, Weirdness & Mutations

You do not eat or drink.
Your flesh is vulnerable to fire.
You are immune to poison.
Your flesh is cold resistant. (rC+)
You are immune to negative energy. (rN+++)
You are immune to unholy pain and torment.
You can survive without breathing.


Message History

Press: ? - help, Shift-Dir - straight line, f/p - gnoll
Aim: a gnoll, wielding a whip (severely wounded, chance to defeat MR: 84%)
The gnoll convulses in agony!
The gnoll barely misses you. The gnoll hits you with a whip.
Casting: Pain
Confirm with . or Enter, or press ? or * to list all spells.
Aiming: Pain
Press: ? - help, Shift-Dir - straight line, f/p - gnoll
Aim: a gnoll, wielding a whip (almost dead, chance to defeat MR: 84%)
The gnoll convulses in agony!
You kill the gnoll!
The gnoll closely misses you.
Your goblin skeleton hits the gnoll but does no damage.
Casting: Pain
Confirm with . or Enter, or press ? or * to list all spells.
Aiming: Pain
Press: ? - help, Shift-Dir - straight line, f - gnoll
Aim: a gnoll, wielding a spear (moderately wounded, chance to defeat MR: 84%)
The gnoll convulses in agony!
The gnoll hits you with a spear!
You die...

.........#%##..'.8...8.#
.........#Z##..#..._...#
##########.##..#.......#
######........##..⌠..##
#ZZZ.#.##.###..##...##
#.##.#Z##.# #...######
#Z##Z#Z##.# #........#
#Z##Z#..#.# #........#
#.##Z##.#.# #..@.....#
#Z##Z##Z#.# #.gZ)....#
##Z##<##.#.########.###
...##.##.#Z.........#
Z####.##..Z........## .#
#.############Z# Z#
#.##......# #Z# .#
#<##...##.####.#
.#######...##..ZZ..#


You could see a gnoll and a friendly goblin skeleton.

Vanquished Creatures
  Ijyb (D:2)
  2 gnolls (D:3)
  5 adders
  2 oozes
  A worm (D:2)
  2 dart slugs (D:1)
  A giant gecko (D:1)
  An orc (D:3)
  A ball python (D:2)
  7 goblins
  6 hobgoblins
  3 jackals (D:2)
  10 kobolds
  2 quokkas (D:3)
  12 bats
  9 giant newts
  8 rats
73 creatures vanquished.

Vanquished Creatures (collateral kills)
  A worm (D:2)
  A giant cockroach (D:1)
  A goblin (D:1)
  A kobold (D:1)
4 creatures vanquished.

Grand Total: 77 creatures vanquished

Notes
Turn   | Place    | Note
--------------------------------------------------------------
     0 | D:1      | Skanax the Mummy Necromancer began the quest for the Orb.
     0 | D:1      | Reached XP level 1. HP: 13/13 MP: 3/3
     7 | D:1      | Learned a level 1 spell: Animate Skeleton
   184 | D:1      | Reached XP level 2. HP: 18/19 MP: 1/5
   735 | D:1      | Reached XP level 3. HP: 22/24 MP: 1/6
  1059 | D:2      | Noticed Ijyb
  1092 | D:2      | Killed Ijyb
  1092 | D:2      | Reached skill level 5 in Necromancy
  1092 | D:2      | Reached XP level 4. HP: 26/31 MP: 0/8
  2192 | D:3      | Reached XP level 5. HP: 36/36 MP: 7/9
  2199 | D:3      | Found a shadowy altar of Dithmenos.
  2317 | D:3      | Found an opulent altar of Gozag.
  2317 | D:3      | Found a sparkling altar of Nemelex Xobeh.
  2743 | D:3      | Slain by a gnoll

Vault maps used:
D:1:      dpeg_arrival_simpleton_c, hangedman_abyss_or_decor_stabs
D:2:      uniq_iyjb
D:3:      grunt_temple_overflow_opulence, lemuel_crystal_altar, first_bread
D:4:      uniq_natasha, uniq_menkaure, uniq_pikel, uniq_edmund

Skill      XL: |  1  2  3  4 |
---------------+-------------+-----
Necromancy     | 5 |  5.5
Spellcasting   | 3 |  3.3
Fighting       | |  0.6
Short Blades   | |  0.1
Dodging        | |  1.8
Stealth        | |  1.7

Action                   |  1- 3 |  4- 6 || total
-------------------------+-------+-------++-------
Melee: Unarmed           |     7 |       ||     7
       Short sword       |     6 |    14 ||    20
 Cast: Pain              |    59 |    87 ||   146
       Animate Skeleton  |    17 |    25 ||    42
  Use: Scroll            |     3 |     2 ||     5
Armor: Robe              |    10 |     7 ||    17
Dodge: Dodged            |    12 |    26 ||    38
